Map: Triton LE

Players

LiquidTaeJa (TaeJa)

  • Race: Terran Terran
  • League: Master
  • Spawn Location: 11:00

LiquidMaNa (MaNa) - Winner!

  • Race: Protoss Protoss
  • League: Grandmaster
  • Spawn Location: 5:00

Event: HomeStory Cup XX

VOD

Have the link to the VOD?

Description

Time

  • Played on: Nov. 23, 2019, 6:44 a.m.
  • Length: 8:08

All games in this series

Show
View Real Time Build Order
Export as new Build Order

LiquidTaeJa Terran 

Build Orders: Banshee Rush 

Get SALT Encoding   

  12  0:00  SCV  
  13  0:12  SCV  
  14  0:17  Supply Depot  
  14  0:24  SCV  
  15  0:38  SCV  
  15  0:40  Barracks  
  16  0:44  Refinery  
  16  0:50  SCV  
  17  1:02  SCV  
  18  1:14  SCV  
  19  1:27  Orbital Command  
  19  1:28  Barracks Reactor  
  19  1:39  Command Center  
  19  1:49  Supply Depot  
  19  1:53  SCV  
  20  2:05  Factory  
  20  2:07  SCV  
  21  2:10  Marine x2  
  23  2:19  Refinery, SCV  
  24  2:27  Marine  
  24  2:28  Marine  
  26  2:31  SCV  
  27  2:44  SCV  
  28  2:50  Starport  
  28  2:51  Orbital Command  
  28  2:56  SCV  
  31  2:58  Hellion  
  31  3:00  Hellion  
  31  3:03  Barracks Tech Lab  
  33  3:08  SCV  
  34  3:18  SCV  
  35  3:20  SCV  
  36  3:30  SCV  
  36  3:32  SCV  
  38  3:34  Cloaking Field, Banshee  
  38  3:35  Supply Depot  
  38  3:36  Marine x2  
  43  3:42  Factory Tech Lab  
  43  3:45  SCV x2  
  45  3:50  Bunker  
  45  3:55  Supply Depot  
  45  3:57  SCV x2  
  45  3:59  Marine x2  
  49  4:09  SCV x2  
  51  4:13  Siege Tank  
  52  4:17  Banshee  
  52  4:21  Supply Depot, SCV x2  
  57  4:30  Command Center  
  57  4:33  SCV x2  
  59  4:40  Refinery  
  60  4:45  SCV x2  
  60  4:47  Barracks x2  
  60  4:50  Siege Tank  
  64  4:59  SCV  
  66  5:00  SCV  
  66  5:02  Supply Depot  
  66  5:11  Raven  
  66  5:12  SCV x2  
  70  5:16  Refinery  
  70  5:23  Marine x2  
  70  5:24  SCV x2  
  70  5:26  Supply Depot  
  74  5:36  SCV x2  
  74  5:37  Engineering Bay  
  74  5:39  Barracks Tech Lab, Factory Reactor, Engineering Bay  
  74  5:43  Marine x2, Orbital Command  
  74  5:48  Stimpack, SCV x2  
  74  5:49  Marauder  
  80  5:56  Supply Depot  
  80  6:00  Marauder, Combat Shield  
  80  6:01  SCV x2  
  80  6:04  Terran Infantry Weapons Level 1  
  84  6:05  Supply Depot  
  84  6:07  Marine x2  
  84  6:08  Terran Infantry Armor Level 1  
  86  6:13  Marauder  
  86  6:14  Orbital Command  
  86  6:15  SCV x2  
  90  6:22  Marauder  
  92  6:27  SCV x2  
  91  6:35  Marine x2  
  91  6:36  Marauder, Medivac x2  
  91  6:39  SCV  
  101  6:40  Refinery, SCV x2  
  101  6:41  Refinery  
  101  6:44  Marauder  
  104  6:47  Siege Tank, Barracks x2  
  104  6:52  SCV x3  
  110  7:00  Marine x2, Marauder  
  114  7:03  Supply Depot  
  114  7:04  Supply Depot, SCV x3  
  114  7:07  Marauder  
  116  7:08  Supply Depot  
  116  7:10  Missile Turret  
  116  7:11  Missile Turret  
  116  7:13  Missile Turret  
  116  7:16  SCV  
  116  7:18  Concussive Shells  
  117  7:24  Marine x2, Medivac, SCV x2  
  117  7:25  Marauder, Medivac  
  117  7:27  Supply Depot  
  117  7:28  Marauder  
  117  7:29  Supply Depot  
  129  7:36  Barracks Tech Lab, Barracks Reactor  
  117  7:42  Marine x2  
  122  7:46  Marauder  
Show
View Real Time Build Order
Export as new Build Order

LiquidMaNa Protoss - Winner!

Build Orders: 1 Gate Expand, Blink Stalkers, Colossus Rush 

Get SALT Encoding   

  12  0:00  Probe  
  13  0:12  Probe  
  14  0:17  Pylon  
  14  0:24  Probe  
  15  0:32  Probe  
  15  0:39  Gateway  
  15  0:40  Probe  
  16  0:47  Assimilator  
  17  0:51  Probe  
  18  1:03  Probe  
  19  1:18  Nexus  
  19  1:27  Cybernetics Core  
  19  1:31  Probe  
  20  1:36  Assimilator  
  20  1:43  Probe  
  20  1:46  Pylon  
  17  1:54  Adept  
  21  1:55  Probe  
  22  2:07  Probe  
  25  2:10  Warp Gate  
  25  2:15  Stalker  
  25  2:19  Probe  
  25  2:21  Twilight Council  
  28  2:31  Probe  
  28  2:32  Probe  
  30  2:41  Blink  
  30  2:43  Probe  
  30  2:44  Probe  
  30  2:48  Stalker  
  33  2:55  Probe  
  33  2:56  Probe  
  35  3:08  Gateway  
  35  3:16  Stalker, Gateway  
  35  3:19  Probe  
  36  3:20  Probe  
  39  3:31  Probe  
  39  3:32  Probe  
  41  3:38  Pylon  
  40  3:43  Probe  
  40  3:47  Robotics Facility  
  41  3:49  Probe  
  41  3:55  Probe  
  43  3:56  Pylon  
  43  3:58  Assimilator  
  43  4:02  Probe  
  44  4:07  Probe  
  45  4:14  Assimilator, Probe  
  46  4:19  Probe  
  46  4:20  Stalker x2  
  51  4:26  Probe  
  51  4:30  Pylon, Observer  
  52  4:31  Probe  
  52  4:35  Robotics Bay  
  52  4:38  Probe  
  55  4:44  Probe  
  56  4:49  Sentry  
  56  4:50  Probe  
  56  4:51  Observer  
  59  4:56  Probe  
  63  5:02  Observer, Probe  
  63  5:06  Colossus  
  60  5:08  Probe  
  59  5:14  Probe  
  59  5:19  Stalker  
  59  5:20  Probe  
  63  5:26  Probe  
  70  5:37  Pylon  
  70  5:41  Extended Thermal Lance  
  70  5:46  Colossus  
  70  5:49  Charge, Nexus  
  70  5:55  Probe x2  
  78  6:05  Pylon  
  78  6:10  Gateway x2  
  78  6:16  Gateway  
  78  6:19  Gateway  
  78  6:23  Probe x2  
  80  6:27  Gateway  
  80  6:33  Warp Prism  
  80  6:39  Zealot x2  
  84  6:44  Pylon  
  86  6:48  Shield Battery  
  86  7:01  Probe  
  86  7:02  Stalker  
  86  7:04  Probe  
  86  7:08  Zealot x4  
  94  7:27  Zealot x4  
  102  7:34  Zealot x3  
  106  7:43  Pylon  
  106  7:45  Pylon  
  106  7:46  Pylon, Templar Archives  
  100  7:55  Zealot x3  
  88  8:01  Zealot x2  
Tags
 
Add a new tag
Caveats
  • Supply blocks, unpowered buildings, or Contaminate may cause inaccurate times.
  • Supply counts are checked every 10 seconds.